 Dungeon Crawl Stone Soup version 0.20.0-15-g7f486f2 (webtiles) character file.

53 theemperora the Grave Robber (level 3, -7/24 HPs)
             Began as a Demonspawn Necromancer on June 9, 2017.
             Mangled by an ogre
             ... wielding a +0 giant club
              (14 damage)
             ... on level 3 of the Dungeon.
             The game lasted 00:11:10 (2689 turns).

theemperora the Grave Robber (DsNe)                 Turns: 2689, Time: 00:11:11

Health: -7/24      AC:  4    Str:  8    XL:     3   Next: 64%
Magic:  2/6        EV: 12    Int: 17    God:
Gold:   137        SH:  0    Dex: 15    Spells: 2/7 levels left

rFire    . . .     SeeInvis .   g - +4 trident
rCold    . . .     Gourm    .   (no shield)
rNeg     . . .     Faith    .   a - +0 robe
rPois    .         Spirit   .   (no helmet)
rElec    .         Reflect  .   (no cloak)
rCorr    .         Harm     .   i - +0 pair of gloves
MR       .....                  h - +0 pair of boots
Stlth    ++........             l - amulet of magic regeneration
Regen    0.1/turn               (no ring)
MPRegen  0.2/turn               (no ring)

@: no status effects
A: thin skeletal structure 1
a: no special abilities


You were on level 3 of the Dungeon.
You were not hungry.

You visited 1 branch of the dungeon, and saw 3 of its levels.

You collected 137 gold pieces.

Inventory:

Hand Weapons
 d - a +0 dagger
 g - a +4 trident (weapon)
Armour
 a - a +0 robe (worn)
 h - a +0 pair of boots (worn)
 i - a +0 pair of gloves (worn)
 j - a +0 robe
Jewellery
 l - an amulet of magic regeneration (around neck)
Scrolls
 f - 2 scrolls of immolation
 m - a scroll of blinking {unknown}
 n - a scroll of teleportation
Potions
 c - 2 potions of magic
 e - 2 potions of brilliance
Books
 b - a book of Necromancy

   Spells                             Type                      Level
   a - Pain                           Necromancy                   1
   b - Animate Skeleton               Necromancy                   1
   c - Vampiric Draining              Necromancy                   3
   d - Regeneration                   Charms/Necromancy            3
   e - Animate Dead                   Necromancy                   4
   f - Control Undead                 Necromancy                   4
Comestibles
 k - 2 fruits
 o - 3 chunks of flesh
 p - a meat ration


   Skills:
 * Level 2.0 Dodging
 + Level 1.8 Stealth
 * Level 2.5 Spellcasting
 * Level 5.4 Necromancy


You had 2 spell levels left.
You knew the following spells:

 Your Spells              Type           Power        Failure   Level  Hunger
a - Pain                  Necr           ###.         1%          1    #......
b - Animate Skeleton      Necr           N/A          1%          1    #......
c - Vampiric Draining     Necr           ###.......   6%          3    ###....


Dungeon Overview and Level Annotations

Branches:
Dungeon (3/15)

Altars:
Ashenzari

Portals:
Sewer: D:3


Innate Abilities, Weirdness & Mutations

You have a somewhat thin skeletal structure. (Dex +2, Stealth)


Message History

The ogre is lightly wounded.
The ogre hits you with a giant club!!
Ouch! That really hurt!
* * * LOW HITPOINT WARNING * * *
Your ball python skeleton bites the ogre.
Casting: Pain
Confirm with . or Enter, or press ? or * to list all spells.
Aiming: Vampiric Draining
Press: ? - help, Shift-Dir - straight line, f/p - ogre
Aim: an ogre, wielding a giant club (lightly wounded)
The ogre is heavily wounded.
You feel life coursing into your body. The ogre closely misses you.
Your ball python skeleton bites the ogre.
Casting: Vampiric Draining
Confirm with . or Enter, or press ? or * to list all spells.
You don't have enough magic to cast that spell.
Your ball python skeleton barely misses the ogre.
The ogre hits you with a giant club!
Ouch! That really hurt!
You die...

#..####### #.....#
#......... #.....#
####.##### #.....#
.# #.....#
.##########.....#
................#..
#..$................
#.......O.##########
#......Z.@#
#.........#
#$........#
#.........#
#.........#
#.........#
#.........#
###########


You could see an ogre and a friendly ball python skeleton.

Vanquished Creatures
  2 adders
  2 worms (D:3)
  2 dart slugs (D:3)
  A leopard gecko (D:1)
  2 bats
  3 giant cockroaches
  3 hobgoblins
  A ball python (D:3)
  4 frilled lizards
  3 goblins
  A kobold (D:2)
  4 rats
28 creatures vanquished.

Notes
Turn   | Place    | Note
-------+----------+-------------------------------------------
     0 | D:1      | theemperora the Demonspawn Necromancer began the quest for the Orb.
     0 | D:1      | Reached XP level 1. HP: 13/13 MP: 3/3
    42 | D:1      | Learned a level 1 spell: Animate Skeleton
   863 | D:1      | Gained mutation: You have a somewhat thin skeletal structure. (Dex +2, Stealth) [demonic ancestry]
   863 | D:1      | Reached XP level 2. HP: 19/19 MP: 3/5
  1345 | D:2      | Reached skill level 5 in Necromancy
  2081 | D:3      | Reached XP level 3. HP: 23/24 MP: 3/6
  2130 | D:3      | Learned a level 3 spell: Vampiric Draining
  2243 | D:3      | Found a shattered altar of Ashenzari.
  2548 | D:3      | Found a glowing drain.
  2676 | D:3      | Noticed an ogre
  2689 | D:3      | Mangled by an ogre

Skill      XL: |  1  2  3 |
---------------+----------+-----
Necromancy     | 5 |  5.4
Dodging        | 2 |  2.0
Stealth        | |  1.8
Spellcasting   | |  2.5

Action                   || total
-------------------------++-------
Melee: Dagger            ||     7
       Trident           ||    19
 Cast: Pain              ||    53
       Animate Skeleton  ||     7
       Vampiric Draining ||     4
  Use: Scroll            ||     9
       Potion            ||     4
 Stab: Sleeping          ||     2
  Eat: Bread ration      ||     1
       Chunk             ||     1
       Royal jelly       ||     1
Armor: Robe              ||    19
Dodge: Dodged            ||    39
